 Dungeon Crawl Stone Soup version 0.29.1-2-gbd0b4ee654 (webtiles) character file.

Game seed: 13783679169873229519

65 mertek the Chopper (level 3, 0/28 HPs)
             Began as a Demonspawn Gladiator on Nov 21, 2022.
             Slain by a goblin
             ... wielding a +0 dagger
             ... led by Robin
              (2 damage)
             ... on level 2 of the Dungeon.
             The game lasted 00:05:27 (1167 turns).

mertek the Chopper (Demonspawn Gladiator)           Turns: 1167, Time: 00:05:28

Health: 0/28       AC:  5    Str: 16    XL:     3   Next: 94%
Magic:  3/3        EV: 12    Int:  9    God:
Gold:   81         SH:  0    Dex: 14    Spells: 2/2 levels left

rFire   x . .      SeeInvis .   a - +0 war axe
rCold   + . .      Faith    .   (no shield)
rNeg    . . .      Spirit   .   b - +0 leather armour
rPois   .          Reflect  .   (helmet restricted)
rElec   .          Harm     .   k - +0 cloak
rCorr   +          Rampage  .   h - +0 pair of gloves
Will    .....                   (no boots)
Stlth   +.........              (no amulet)
HPRegen 0.09/turn               g - ring of ice
MPRegen 0.08/turn               l - ring of resist corrosion

@: no status effects
A: horns 1, powered by pain 1
a: no special abilities


You were on level 2 of the Dungeon.
You visited 1 branch of the dungeon, and saw 2 of its levels.

You collected 81 gold pieces.

Inventory:

Hand Weapons
 a - a +0 war axe (weapon)
Missiles
 d - 3 throwing nets (quivered)
 e - a javelin
Armour
 b - a +0 leather armour (worn)
 c - a +0 helmet
 h - a +0 pair of gloves (worn)
 k - a +0 cloak (worn)
Jewellery
 g - a ring of ice (left hand)
 l - a ring of resist corrosion (right hand)
Scrolls
 f - a scroll of identify
 m - 2 scrolls of teleportation {unknown}
 p - a scroll of enchant armour {unknown}
Potions
 i - a potion of degeneration {unknown}
 j - a potion of brilliance {unknown}
 n - a potion of mutation {unknown}
 o - 2 potions of curing {unknown}


   Skills:
 + Level 2.9 Fighting
 + Level 3.3 Axes
 - Level 1.7 Throwing
 + Level 3.3 Dodging


You had 2 spell levels left.
You didn't know any spells.
Your spell library contained the following spells:

 Spells                   Type           Power      Damage    Failure   Level
 Ignite Poison            Fire/Tmut/Pois 0%         N/A       83%         3
 Mephitic Cloud           Conj/Pois/Air  0%         N/A       83%         3
 Freezing Cloud           Conj/Ice/Air   0%         6-21      100%        5


Dungeon Overview and Level Annotations

Branches:
Dungeon (2/15)

Altars:

Annotations:
D:2 Robin


Innate Abilities, Weirdness & Mutations

You have a pair of small horns on your head.
You sometimes gain a little power by taking damage.


Message History

You hear a shout!
A hobgoblin comes into view.
You slash the goblin!
You kill the goblin!
You hit the goblin.
You kill the goblin!
Robin throws the goblin at you! The goblin closely misses you.
A goblin comes into view. It is wielding a +0 dagger of speed.
The goblin misses you.
Things that are here:
a +0 club; a goblin corpse You barely miss the goblin.
Your headbutt misses the goblin. You hit the goblin.
Robin throws the goblin at you! The goblin hits you with a +0 dagger.
The goblin closely misses you. The goblin hits you with a +0 club.
The goblin barely misses you. The goblin hits you with a +0 club.
The goblin hits you with a +0 dagger. Robin throws the goblin at you!
You barely miss the goblin. You hit the goblin. x2
You kill the goblin!
You hit the goblin.
You kill the goblin!
The goblin hits you but does no damage. The goblin hits you with a +0 dagger.
The goblin hits you with a +0 dagger of speed.
* * * LOW HITPOINT WARNING * * *
You barely miss the goblin. x2; The goblin closely misses you.
The goblin hits you with a +0 dagger.
* * * LOW HITPOINT WARNING * * *
The goblin misses you.
You miss the goblin. You slash the goblin!
You kill the goblin!
The goblin hits you with a +0 dagger.
* * * LOW HITPOINT WARNING * * *
The goblin hits you but does no damage.
You barely miss the goblin. Your headbutt misses the goblin.
The goblin hits you but does no damage.
You slash the goblin!
You kill the goblin!
The hobgoblin no longer looks unusually strong.
You hit the goblin but do no damage. The goblin hits you with a +0 dagger.
You die...

### . .. .. ##....
..#...... .#.#....
..<... # +####
#...####.#
.....g##)#.[.....
....ggg@)#.......
.....g##)..#########
..... #>..........#
#### #.....†.#####.#
#.......# #.#
#.).....# #.####
#.......# #....#
#.......# ####.#
#.......# #.##


You could see Robin, a hobgoblin and 3 goblins.

Vanquished Creatures
  2 adders (D:2)
  A worm (D:2)
  A dart slug (D:1)
  2 ball pythons
  2 endoplasms (D:1)
  8 goblins
  2 hobgoblins
  6 jackals
  4 kobolds (D:1)
  A quokka (D:2)
  3 bats
  3 frilled lizards (D:1)
  3 rats (D:1)
38 creatures vanquished.

Notes
Turn   | Place    | Note
-------+----------+-------------------------------------------
     0 | D:1      | mertek the Demonspawn Gladiator began the quest for the
                  | Orb.
     0 | D:1      | Reached XP level 1. HP: 16/16 MP: 1/1
   297 | D:1      | Gained mutation: You sometimes gain a little power by
                  | taking damage. [demonic ancestry]
   297 | D:1      | Reached XP level 2. HP: 19/22 MP: 2/2
   819 | D:2      | Discovered your monstrous ancestry.
   819 | D:2      | Gained mutation: You have a pair of small horns on your
                  | head. [demonic ancestry]
   819 | D:2      | Reached XP level 3. HP: 26/28 MP: 3/3
  1156 | D:2      | Identified the +1 helmet "Woinn" {Regen+ Dex+2}
  1156 | D:2      | Noticed Robin
  1167 | D:2      | Slain by a goblin

Illustrated notes

Levels and vault maps discovered:
D:1:      heliophobic_arrival_dark_side_of_the_moon, layout_rooms,
          minmay_pentomino_t4
D:2:      layout_basic, basic_altar, uniq_robin

Skill      XL: |  1  2 |
---------------+-------+-----
Axes           | 3 |  3.3
Dodging        | 3 |  3.3
Fighting       | |  2.9
Throwing       | |  1.7

Action                   || total
-------------------------++-------
Melee: War axe           ||   122
       Punch             ||     1
       Headbutt          ||     6
  Use: Scroll            ||     1
Armor: Leather armour    ||    57
Dodge: Dodged            ||   101
